 Dungeon Crawl Stone Soup version 0.29-a0-919-gd064cfad1c (webtiles) character file.

Game seed: 8035913921757214487

105 xian the Sneak (level 4, -2/30 HPs)
             Began as an Octopode Brigand on July 27, 2022.
             Slain by a gnoll
             ... wielding a +0 flail
              (4 damage)
             ... on level 3 of the Dungeon.
             The game lasted 00:04:37 (1722 turns).

xian the Sneak (Octopode Brigand)                   Turns: 1722, Time: 00:04:37

Health: -2/30      AC:  5    Str: 10    XL:     4   Next: 83%
Magic:  4/4        EV: 13    Int: 13    God:
Gold:   139        SH:  0    Dex: 15    Spells: 3/3 levels left

rFire   . . .      SeeInvis .   a - +2 dagger
rCold   . . .      Faith    .   (no shield)
rNeg    . . .      Spirit   .   (helmet restricted)
rPois   .          Reflect  .   (no amulet)
rElec   .          Harm     .   d - +4 ring of protection
rCorr   .          Rampage  .   i - ring of willpower
Will    +....                   (no ring)
Stlth   +++++.....              (no ring)
HPRegen 0.10/turn               (no ring)
MPRegen 0.09/turn               (no ring)
                                (no ring)
                                (no ring)

@: no status effects
A: almost no armour, amphibious, 8 rings, camouflage 1, gelatinous body 1,
(nimble swimmer 1), tentacles
a: no special abilities


You were on level 3 of the Dungeon.
You visited 1 branch of the dungeon, and saw 3 of its levels.

You collected 139 gold pieces.

Inventory:

Hand Weapons
 a - a +2 dagger (weapon)
Missiles
 b - 9 poisoned darts (quivered)
 c - 5 curare-tipped darts
 r - 4 boomerangs
Jewellery
 d - a +4 ring of protection (left tentacle)
 i - a ring of willpower (right tentacle)
Scrolls
 f - a scroll of fear {unknown}
 h - a scroll of teleportation {unknown}
 j - a scroll of acquirement {unknown}
 m - 2 scrolls of immolation {unknown}
 n - a scroll of amnesia {unknown}
 q - a scroll of enchant armour {unknown}
 s - a scroll of identify {unknown}
Potions
 e - a potion of heal wounds {unknown}
 g - a potion of haste {unknown}
 k - a potion of curing {unknown}
 l - a potion of attraction {unknown}
 o - 3 potions of flight {unknown}
 p - a potion of lignification {unknown}


   Skills:
 + Level 2.3 Fighting
 + Level 2.7 Short Blades
 + Level 2.0 Throwing
 + Level 1.6 Dodging
 + Level 7.3 Stealth


You had 3 spell levels left.
You didn't know any spells.
Your spell library contained the following spells:

 Spells                   Type           Power      Damage    Failure   Level
 Ensorcelled Hibernation  Hex/Ice        0%         N/A       43%         2
 Passwall                 Tmut/Erth      0%         N/A       43%         2
 Swiftness                Air            0%         N/A       67%         3
 Summon Ice Beast         Ice/Summ       0%         N/A       97%         4
 Alistair's Intoxication  Tmut/Pois      0%         N/A       100%        5
 Borgnjor's Vile Clutch   Necr/Erth      0%         N/A       100%        5
 Summon Mana Viper        Hex/Summ       0%         N/A       100%        5
 Eringya's Noxious Bog    Tmut/Pois      0%         N/A       100%        6
 Monstrous Menagerie      Summ           0%         N/A       100%        7
 Chain Lightning          Conj/Air       0%         N/A       100%        9
 Fire Storm               Conj/Fire      0%         5d1       100%        9
 Shatter                  Erth           0%         3d5*      100%        9


Dungeon Overview and Level Annotations

Branches:
Dungeon (3/15)

Altars:

Shops:
D:1 :![=


Innate Abilities, Weirdness & Mutations

You cannot wear most types of armour.
You are amphibious.
You can wear up to eight rings at the same time.
Your skin changes colour to match your surroundings (Stealth+).
Your rubbery body absorbs attacks. (AC +1, EV +1)
((You are camouflaged when in or above water. (Stealth+)))
You have tentacles for arms and can constrict up to eight enemies at once.


Message History

s - a scroll labelled RONYOR XUIL A gnoll comes into view.
It is wielding a +0 whip.
You see here 15 gold pieces.
You now have 139 gold pieces (gained 15).
You see here 5 stones.
A gnoll comes into view. It is wielding a +0 flail.
Found a mace.
Found a club.
The gnoll hits you with a +0 whip.
A gnoll comes into view. It is wielding a +0 flail.
Found a scroll labelled VEHUMY ISACUYMM.
The gnoll shouts! x2
The gnoll barely misses you.
The gnoll throws a throwing net.
The throwing net hits you.
You become entangled in the net!
You hear a shout!
You see here a throwing net.
You struggle against the net.
The gnoll hits you but does no damage.
A gnoll comes into view. It is wielding a +0 whip.
You struggle against the net.
The gnoll hits you with a +0 whip.
You struggle against the net.
The gnoll barely misses you.
You rip the net and break free!
The gnoll hits you with a +0 whip. The gnoll barely misses you.
You hit the gnoll. You grab the gnoll.
The gnoll is lightly wounded.
You constrict the gnoll, but do no damage.
The gnoll closely misses you. The gnoll hits you with a +0 flail.
You hit the gnoll.
The gnoll is moderately wounded.
You constrict the gnoll. The gnoll misses you. x2
The gnoll completely misses you.
You hit the gnoll but do no damage. You squeeze the gnoll!
You kill the gnoll!
The gnoll hits you but does no damage. The gnoll hits you with a +0 flail.
The gnoll hits you but does no damage. The gnoll attacks as you move away!
The gnoll closely misses you. The gnoll attacks as you move away!
The gnoll hits you with a +0 whip.
* * * LOW HITPOINT WARNING * * *
The gnoll attacks as you move away! The gnoll hits you with a +0 whip.
* * * LOW HITPOINT WARNING * * *
The gnoll attacks as you move away! The gnoll hits you with a +0 flail.
You die...

..>..##...# #..#
..........###..#
†.....#........##
#...............#########
..#....................)#
.##.....................#
###......................
# #.....................#
# #....(.......(@.......#
###..........##ggg.......
........................#
####.####.#####.)........
..##.# #...# ##.........
..### #....# #..##.####
..# #....# ##.. ... ..#
#....# ?... ...# ..#
#....# ..)......


You could see 3 gnolls.

Vanquished Creatures
  A gnoll (D:3)
  4 adders (D:2)
  A worm (D:2)
  2 ball pythons (D:1)
  6 bats
  6 endoplasms
  A giant cockroach (D:1)
  2 goblins (D:2)
  5 hobgoblins
  10 jackals
  4 quokkas
  3 frilled lizards
  3 kobolds
  4 rats
52 creatures vanquished.

Notes
Turn   | Place    | Note
-------+----------+-------------------------------------------
     0 | D:1      | xian the Octopode Brigand began the quest for the Orb.
     0 | D:1      | Reached XP level 1. HP: 14/14 MP: 1/1
    16 | D:1      | Found Ickas's Distillery.
   186 | D:1      | Reached XP level 2. HP: 15/19 MP: 2/2
   251 | D:1      | Found Pituint's Jewellery Shop.
   330 | D:1      | Reached skill level 6 in Stealth
   417 | D:1      | Reached XP level 3. HP: 12/24 MP: 3/3
   642 | D:1      | Found Juzesill's Book Emporium.
   658 | D:1      | Found Lesiyrghu's Armour Emporium.
  1035 | D:2      | Reached XP level 4. HP: 29/29 MP: 4/4
  1250 | D:2      | Reached skill level 7 in Stealth
  1722 | D:3      | Slain by a gnoll

Illustrated notes

Levels and vault maps discovered:
D:1:      lightli_arrival_statue_moat, layout_rooms, serial_shops, shop,
          shop_fountains, nicolae_shop_crystal, shop, dk_noncrumbling_3
D:2:      layout_basic, small_statue_intersection, minmay_misc_feat_alley
D:3:      layout_rooms, serial_shops, nicolae_shop_waterfront, uniq_ijyb,
          uniq_robin

Skill      XL: |  1  2  3  4 |
---------------+-------------+-----
Stealth        | 6 7 |  7.3
Fighting       | |  2.3
Short Blades   | |  2.7
Throwing       | |  2.0
Dodging        | |  1.6

Action                   |  1- 3 |  4- 6 || total
-------------------------+-------+-------++-------
Melee: Dagger            |    69 |    31 ||   100
       Constrict         |    14 |    11 ||    25
       Tentacles         |    11 |     9 ||    20
       Punch             |       |     1 ||     1
 Stab: Sleeping          |    11 |     7 ||    18
Armor: Skin              |    13 |     7 ||    20
Dodge: Dodged            |    45 |    23 ||    68

Table legend: (Time is in decaauts)
 A = Elapsed time spent in this place.
 B = Non-inter-level travel time spent in this place.
 C = Inter-level travel time spent in this place.
 D = Time resting spent in this place.
 E = Time spent auto-exploring this place.
 F = Levels seen in this place.
 G = Mean time per level.
                   A        B        C        D        E       F      G
               +--------+--------+--------+--------+--------+-----+--------+
         Total |   1708 |   1663 |     45 |      0 |   1123 |   3 |  569.3 |
       Dungeon |   1708 |   1663 |     45 |      0 |   1123 |   3 |  569.3 |
               +--------+--------+--------+--------+--------+-----+--------+

Top non-repeatable levels by time:
     D:2: 841 daAuts
     D:1: 784 daAuts
     D:3: 82 daAuts
